 Dungeon Crawl Stone Soup version 0.30-a0-528-g8c47a4955b (webtiles) character file.

Game seed: 4567926560728863826

241 drugrobin the Chopper (level 5, -1/42 HPs)
             Began as a Demigod Delver on Dec 23, 2022.
             Slain by a gnoll
             ... wielding a +0 halberd
              (5 damage)
             ... on level 3 of the Dungeon.
             The game lasted 00:10:10 (3085 turns).

drugrobin the Chopper (Demigod Delver)              Turns: 3085, Time: 00:10:11

Health: -1/42      AC:  7    Str: 23    XL:     5   Next: 51%
Magic:  7/7        EV: 12    Int: 12    God:
Gold:   202        SH:  0    Dex: 15    Spells: 4/4 levels left

rFire   . . .      SeeInvis .    b - +0 trident (venom)
rCold   + . .      Faith    .    (no shield)
rNeg    . . .      Spirit   .    j - +2 leather armour {rC+}
rPois   .          Reflect  .    (no helmet)
rElec   .          Harm     .    l - +0 cloak
rCorr   +          Rampage  .    H - +0 pair of gloves
Will    .....                    (no boots)
Stlth   +++                      (no amulet)
HPRegen 0.27/turn                y - ring of resist corrosion
MPRegen 0.10/turn                A - +6 ring of strength

@: no status effects
A: high MP 1, forlorn, divine attributes
a: no special abilities


You were on level 3 of the Dungeon.
You visited 1 branch of the dungeon, and saw 5 of its levels.
You also visited: Ossuary.

You collected 202 gold pieces.

Inventory:

Hand Weapons
 a - a +0 war axe
 b - a +0 trident of venom (weapon)
 F - a +0 hand axe
Missiles
 C - 8 poisoned darts (quivered)
Armour
 j - a +2 leather armour of cold resistance (worn)
 l - a +0 cloak (worn)
 m - a +0 scale mail
 H - a +0 pair of gloves (worn)
Jewellery
 y - a ring of resist corrosion (left hand)
 A - a +6 ring of strength (right hand)
 B - a ring of see invisible
Wands
 g - a wand of digging (3)
Scrolls
 c - 2 scrolls of fog
 d - a scroll of poison
 e - a scroll of enchant armour {unknown}
 i - 4 scrolls of teleportation {unknown}
 n - 8 scrolls of identify {unknown}
 o - a scroll of butterflies {unknown}
 r - 2 scrolls of magic mapping
 t - 3 scrolls of immolation {unknown}
 E - 2 scrolls of vulnerability {unknown}
Potions
 f - a potion of haste
 h - a potion of ambrosia {unknown}
 k - a potion of flight {unknown}
 p - a potion of heal wounds {unknown}
 q - a potion of resistance {unknown}
 s - a potion of lignification {unknown}
 u - a potion of brilliance {unknown}
 v - 2 potions of attraction {unknown}
 w - 3 potions of mutation {unknown}
 x - a potion of might {unknown}
 z - a potion of cancellation {unknown}
 D - a potion of curing {unknown}
 G - a potion of degeneration {unknown}


   Skills:
 - Level 2.6 Fighting
 + Level 5.6 Axes
 - Level 1.7 Dodging
 - Level 4.5 Stealth


You had 4 spell levels left.
You didn't know any spells.
Your spell library contained the following spells:

 Spells                   Type           Power      Damage    Failure   Level
 Kiss of Death            Conj/Necr      0%         2d5       36%         1
 Summon Small Mammal      Summ           0%         N/A       36%         1
 Call Canine Familiar     Summ           0%         N/A       75%         3
 Confusing Touch          Hex            0%         N/A       75%         3
 Summon Guardian Golem    Hex/Summ       0%         N/A       75%         3
 Dispel Undead            Necr           0%         3d6       98%         4


Dungeon Overview and Level Annotations

Branches:
Dungeon (5/15)             Temple (0/1) D:5         Ossuary (visited)

Shops:
D:1 ?

Annotations:
D:3 1 runed translucent door
D:4 exclusion: black bear


Innate Abilities, Weirdness & Mutations

You have an increased reservoir of magic. (+10% MP)
You shall have no god before yourself.
Your divine heritage dramatically boosts your attributes as you level up.


Message History

You hear a shout!
You finish putting on your +0 pair of gloves.
Unknown command.
You start resting.
A goblin comes into view. It is wielding a +0 dagger.
Unknown command.
Reach: b) +0 trident (venom)
Press: ? - help, Dir - move target, f - you That would be overly suicidal.
Okay, then.
Unknown command.
A gnoll comes into view. It is wielding a +0 halberd.
A gnoll comes into view. It is wielding a +0 flail.
The gnoll shouts!
The goblin shouts!
The gnoll shouts!
Reach: b) +0 trident (venom)
Press: ? - help, Dir - move target, f - goblin
Aim: a goblin, wielding a +0 dagger (about 49% to evade your +0 trident of venom)
You reach to attack!
You closely miss the goblin.
You hear a shout!
A gnoll comes into view. It is wielding a +0 club.
You closely miss the goblin. The goblin misses you.
You closely miss the goblin. The goblin hits you with a +0 dagger.
The gnoll hits you with a +0 flail!
You hit the goblin.
The goblin is poisoned.
The goblin is severely wounded.
The goblin hits you with a +0 dagger. The gnoll closely misses you.
The gnoll hits you with a +0 flail!
* * * LOW HITPOINT WARNING * * *
The gnoll hits you from afar with a +0 halberd.
* * * LOW HITPOINT WARNING * * *
The goblin hits you but does no damage.
Unknown command.
Unknown command.
Okay, then.
The air fills with toxic fumes!
As you read the scroll labelled LIRUFU VOUDGH, it crumbles to dust.
It was a scroll of poison.
You kill the goblin!
The gnoll hits you from afar with a +0 halberd.
You die...

.####.....# ## ##.####
##§§§§§§P§ #.# #§§§§§§§§§ #.#
#§§P§§§§P§ #####.## #§§§§P§§
#......# #§§§§g§ #.#.##.#
#§§g# #. #.#
######g§§######## #
#.###§§§§)@§§§§§§§..#
#..§§§§§§§§§§§§§§§#....
........###§§§§§§§§§§§§§.$..#
#####.### ######§§§#########
#. #§§§# # #§§§# .§§§§§.
#.#§§§#§# ## #.##.##.# ###.


You could see 3 gnolls.

Vanquished Creatures
  A hound (D:5)
  An iguana (D:4)
  A mummy (Ossuary)
  A gnoll (D:3)
  2 adders (D:4)
  2 ufetubi (D:4)
  A worm (D:2)
  6 dart slugs
  7 orcs
  2 spectral bats (Ossuary)
  8 ball pythons
  2 bats
  5 endoplasms
  2 giant cockroaches
  12 gnoll zombies (Ossuary)
  5 goblins
  8 hobgoblins
  5 kobolds
  5 quokkas
  A bat simulacrum (Ossuary)
  2 frilled lizards (D:1)
  A goblin simulacrum (Ossuary)
  7 goblin zombies (Ossuary)
  3 hobgoblin zombies (Ossuary)
  3 kobold simulacra (Ossuary)
  5 kobold zombies (Ossuary)
  3 orc zombies (Ossuary)
  7 rats
  3 rat simulacra (Ossuary)
  A rat zombie (D:4)
  7 spectral goblins (Ossuary)
  3 spectral kobolds (Ossuary)
  2 spectral rats (Ossuary)
124 creatures vanquished.

Vanquished Creatures (others)
  12 plants (D:3)
12 creatures vanquished.

Grand Total: 136 creatures vanquished

Notes
Turn   | Place    | Note
-------+----------+-------------------------------------------
     0 | D:5      | drugrobin the Demigod Delver began the quest for the Orb.
     0 | D:5      | Reached XP level 1. HP: 18/18 MP: 3/3
     7 | D:5      | Noticed a water moccasin
    12 | D:5      | Found a staircase to the Ecumenical Temple.
    65 | D:5      | Reached skill level 2 in Axes
   371 | D:5      | Noticed a hound
   393 | D:5      | Killed a hound
   394 | D:5      | Reached skill level 3 in Axes
   394 | D:5      | Reached XP level 2. HP: 20/25 MP: 4/4
   394 | D:5      | Reached XP level 3. HP: 25/30 MP: 5/5
   432 | D:5      | Noticed a phantom
   548 | D:4      | Noticed a black bear
   672 | D:4      | Found a sand-covered staircase.
   748 | D:4      | Reached skill level 4 in Axes
   813 | Ossuary  | Entered an ossuary
   820 | Ossuary  | Reached XP level 4. HP: 37/37 MP: 6/6
  1643 | D:4      | Reached skill level 5 in Axes
  1645 | D:4      | Reached XP level 5. HP: 32/42 MP: 7/7
  2006 | D:3      | Found a runed translucent door.
  2615 | D:1      | Found Qenesk's Magic Scroll Shoppe.
  3085 | D:3      | Slain by a gnoll

Illustrated notes

Levels and vault maps discovered:
D:1:      dpeg_arrival_tiny_j, layout_rooms, serial_shops,
          nicolae_shop_temple_entry_statues_fountains, minivault_11
D:2:      layout_rooms
D:3:      layout_loops_cross, ebering_ghost_sewer_f,
          hellmonk_ecumenical_altar_watching_god, nicolae_grassy_gnolls
D:4:      layout_basic, serial_curves, eino_curves_03, eino_curves_02,
          enter_ossuary_3
D:5:      layout_basic, gammafunk_temple_overflow_statue, amcnicky_altar_gilded,
          minmay_temple_entry_waves, kennysheep_generic_room_11, uniq_pikel

Skill      XL: |  1  2  3  4 |
---------------+-------------+-----
Axes           | 3 4 5 |  5.6
Fighting       | |  2.6
Dodging        | |  1.7
Stealth        | |  4.5

Action                   |  1- 3 |  4- 6 || total
-------------------------+-------+-------++-------
Melee: Hand axe          |    74 |   245 ||   319
       Punch             |     1 |     6 ||     7
       War axe           |       |    66 ||    66
       Trident           |       |    12 ||    12
  Use: Scroll            |     2 |     1 ||     3
 Stab: Sleeping          |     4 |    17 ||    21
       Distracted        |       |     2 ||     2
Armor: Leather armour    |     8 |    85 ||    93
Dodge: Dodged            |    41 |   166 ||   207

Table legend: (Time is in decaauts)
 A = Elapsed time spent in this place.
 B = Non-inter-level travel time spent in this place.
 C = Inter-level travel time spent in this place.
 D = Time resting spent in this place.
 E = Time spent auto-exploring this place.
 F = Levels seen in this place.
 G = Mean time per level.
                   A        B        C        D        E       F      G
               +--------+--------+--------+--------+--------+-----+--------+
         Total |   3127 |   3005 |    122 |    199 |   1203 |   6 |  521.2 |
       Dungeon |   2430 |   2308 |    122 |    199 |   1013 |   5 |  486.0 |
       Ossuary |    697 |    697 |      0 |      0 |    190 |   1 |  697.0 |
               +--------+--------+--------+--------+--------+-----+--------+

Top non-repeatable levels by time:
     D:4: 786 daAuts
 Ossuary: 697 daAuts
     D:5: 544 daAuts
     D:2: 494 daAuts
     D:1: 474 daAuts
     D:3: 130 daAuts
